 Dungeon Sprint DCSS version 0.31-a0-868-g674d60d6f7 (webtiles) character file.

Game seed: 8304369297918282879

2032 rocky1 the Carver (level 9, -1/112 HPs)
             Began as a Djinni Gladiator on Oct 12, 2023.
             Was an Initiate of Gozag.
             Slain by a polar bear (15 damage)
             ... in the Dungeon (Sprint II: "The Violet Keep of Menkaure").
             The game lasted 00:07:15 (613 turns).

rocky1 the Carver (Djinni Gladiator)                 Turns: 613, Time: 00:07:16

Health: -1/112     AC: 14    Str: 13    XL:     9   Next: 47%
Gold:   1348       EV: 11    Int:  9    God:    Gozag SH:  0 Dex: 20

rFire   + + +        a - +0 long sword
rCold   x . .        (no shield)
rNeg    . . .        l - +3 chain mail {rF+}
rPois   ∞            c - +0 helmet
rElec   .            (no cloak)
rCorr   .            (no gloves)
SInv    .            (boots unavailable)
Will    .....        (no amulet) Stlth
                     (no ring)
HPRegen 0.38/turn    (no ring)
MPRegen 0.00/turn

%: no teleportation, infuse magic (-2 HP)
@: berserking (expiring), gold aura, flying, hasted, very quick
A: sickness immunity, fire resistance 2, cold vulnerability 1, float, innate
caster, HP casting, extra vitality 1
a: Renounce Religion, Potion Petition, Call Merchant, Bribe Branch


You were in the Dungeon.
You worshipped Gozag.
Gozag was most pleased with you.
You visited 1 branch You collected 1557 gold pieces.
You spent 209 gold pieces at shops.

Inventory:

Hand Weapons
 a - a +0 long sword (weapon)
Missiles
 e - a javelin (quivered)
Armour
 c - a +0 helmet (worn)
 l - a +3 chain mail of fire resistance (worn)
Scrolls
 j - a scroll of blinking
Potions
 d - a potion of brilliance {unknown}
 k - a potion of magic {unknown}


   Skills:
 + Level 10.5 Fighting
 * Level 13.5 Long Blades
 - Level 1.5 Throwing
 - Level 7.0 Armour
 - Level 8.5 Dodging


You knew the following spells:

 Your Spells              Type           Power      Damage    Failure   Level
a - Sandblast             Erth           0%         2d4       99%         1
b - Poisonous Vapours     Pois/Air       0%         N/A       100%        2
c - Momentum Strike       Conj/Tloc      0%         3d8       100%        2
d - Vhi's Electric Charg  Tloc/Air       0%         N/A       100%        4
Your spell library was empty.


Dungeon Overview and Level Annotations

Branches:
Dungeon (1/1)

Altars:
Cheibriados
Dithmenos
Elyvilon
Fedhas
Gozag
Hepliaklqana
Makhleb
Nemelex Xobeh
Okawaru
Qazlal
Ru
Trog
Uskayaw
Wu Jian
Xom
Yredelemnul
Zin
The Shining One
Jiyva
Lugonu

Shops:
D *::[[=??*=(=!!!

Annotations:
D exclusions: obsidian statue and oklob plant, Roxanne


Innate Abilities, Weirdness & Mutations

You are immune to sickness and miasma.
You are immune to poison.
Your flesh is very heat resistant. (rF++)
You are vulnerable to cold. (rC-)
You float through the air rather than walking.
You learn spells naturally, not from books.
Your magical power is your life essence.
You have superior vitality. (+4 MHP)


Message History

The hornet is moderately wounded.
The hornet stings you.
* * * LOW HITPOINT WARNING * * *
You hit the hornet but do no damage.
The hornet is moderately wounded.
The hornet stings you.
* * * LOW HITPOINT WARNING * * *
You miss the hornet.
The hornet is moderately wounded.
You hit the hornet but do no damage.
The hornet is moderately wounded.
The water moccasin is no longer distracted by gold.
The hornet barely misses you.
You slice the hornet!!
The hornet is almost dead.
You hear an angry growl.
You barely miss the hornet.
The hornet is almost dead.
The hornet stings you but does no damage.
You slash the hornet!
You kill the hornet!
A polar bear comes into view.
The polar bear growls angrily.
You see here 63 gold pieces.
You hit the polar bear.
The polar bear is lightly wounded.
The polar bear bites you but does no damage.
The polar bear claws you but does no damage. x2
You slash the polar bear!
The polar bear is moderately wounded.
You hit the polar bear but do no damage.
The polar bear is moderately wounded.
You slice the polar bear!!
The polar bear is severely wounded.
The polar bear goes berserk!
You slash the polar bear!
The polar bear is almost dead.
The polar bear bites you!
You die...
Your body crumbles into a pile of gold.

.....# '##..# #. k .###.####
+^##k ○▓[$[!$?) ##.#....# ...#
##▓[(((?[[ #.####..## #.^#
$#▓$"?$$!$ '## .##..# +..#
.#▓)($[(($ .##B°.#..# #..#
.#▓$$??([[ <.+#
+..####.^##h#▓![[$!?=
.##B..#...§###..@##▓▓▓▓▓▓▓+
'## .##.§....~~~~)$~~~~~~~.
#.####~§.....~#'########+###
#..#~~~~§~~..~#.._.....#S§~##
.###~~~÷~§~~.~#._._....#S§≈≈##
'##~~~≈≈§~§§~~#_._._...#S§~~≈#
~~~~~~§§§≈§§~~#._._._..#~~~§≈≈
#+++#~≈§§≈≈§§§#_._._._.#~~~§~≈
~~. ##≈§§###≈≈#._._._._#~~§~≈~


You could see a polar bear (berserk).

Vanquished Creatures
  A death drake (D)
  A yaktaur (D)
  2 polar bears (D)
  A hornet (D)
  Menkaure (D)
  A swamp drake (D)
  5 scorpions (D)
  4 necrophages (D)
  3 worms (D)
19 creatures vanquished.

Vanquished Creatures (others)
  A water moccasin (D)
1 creature vanquished.

Grand Total: 20 creatures vanquished

Notes
Turn   | Place    | Note
-------+----------+-------------------------------------------
     0 | D        | rocky1 the Djinni Gladiator began the quest for the Orb.
     0 | D        | Reached XP level 1. HP: 18/18 MP: 0/0
     1 | D        | Noticed a scorpion
     1 | D        | Noticed a scorpion
     1 | D        | Noticed a scorpion
     1 | D        | Noticed a scorpion
    14 | D        | Killed a scorpion
    15 | D        | Reached skill level 5 in Long Blades
    15 | D        | Reached XP level 2. HP: 17/26 MP: 0/0
    15 | D        | Reached XP level 3. HP: 20/31 MP: 0/0
    15 | D        | Learned a level 1 spell: Sandblast
    15 | D        | Reached XP level 4. HP: 24/37 MP: 0/0
    20 | D        | Killed a scorpion
    21 | D        | Reached skill level 6 in Long Blades
    21 | D        | Reached skill level 5 in Dodging
    21 | D        | Reached XP level 5. HP: 23/42 MP: 0/0
    21 | D        | Learned a level 2 spell: Poisonous Vapours
    30 | D        | Reached skill level 5 in Fighting
    36 | D        | Reached skill level 7 in Long Blades
    36 | D        | Reached skill level 5 in Armour
    36 | D        | Reached XP level 6. HP: 5/49 MP: 0/0
   191 | D        | Noticed Roxanne
   197 | D        | Noticed a water moccasin
   203 | D        | Killed a water moccasin
   205 | D        | Found a stormy altar of Qazlal.
   205 | D        | Found an ornate altar of the Wu Jian Council.
   205 | D        | Found a glowing golden altar of the Shining One.
   206 | D        | Found a hazy altar of Hepliaklqana.
   206 | D        | Found a sacrificial altar of Ru.
   206 | D        | Found a shimmering altar of Xom.
   207 | D        | Found a viscous altar of Jiyva.
   207 | D        | Found a basalt altar of Yredelemnul.
   208 | D        | Found a snail-covered altar of Cheibriados.
   208 | D        | Found a bloodstained altar of Trog.
   209 | D        | Found a shadowy altar of Dithmenos.
   209 | D        | Found a corrupted altar of Lugonu.
   209 | D        | Found a hide-covered altar of Uskayaw.
   210 | D        | Found a white marble altar of Elyvilon.
   210 | D        | Found a burning altar of Makhleb.
   211 | D        | Found a blossoming altar of Fedhas.
   213 | D        | Found an opulent altar of Gozag.
   213 | D        | Found a sparkling altar of Nemelex Xobeh.
   214 | D        | Found a glowing silver altar of Zin.
   214 | D        | Found an iron altar of Okawaru.
   216 | D        | Noticed a water moccasin
   216 | D        | Noticed a water moccasin
   221 | D        | Noticed a flying skull
   221 | D        | Noticed a flying skull
   222 | D        | Noticed a water moccasin
   222 | D        | Became a worshipper of Gozag Ym Sagoz the Greedy
   242 | D        | Noticed an obsidian statue
   278 | D        | Found Irumops's Distillery.
   280 | D        | Found Fesathen's Distillery.
   280 | D        | Found Hitwyuz's Jewellery Shoppe.
   281 | D        | Found Yfolapny's Jewellery Emporium.
   281 | D        | Found Laseh's General Store.
   292 | D        | Reached skill level 8 in Long Blades
   298 | D        | Found Mykopot's Distillery.
   299 | D        | Found Jounelo's Magic Scroll Emporium.
   299 | D        | Found Nuray's Jewellery Shoppe.
   300 | D        | Found Vyidam's Antique Weapon Emporium.
   300 | D        | Found Padwoes's Antique Armour Shoppe.
   300 | D        | Noticed a polar bear
   301 | D        | Found Syploel's Magic Scroll Shoppe.
   303 | D        | Noticed a great orb of eyes
   304 | D        | Found Sutaivvu's Antique Armour Shoppe.
   304 | D        | Found Nycao's Book Emporium.
   304 | D        | Noticed Menkaure
   304 | D        | Noticed a polar bear
   304 | D        | Noticed an oklob plant
   305 | D        | Found Lihoes's Assorted Antiques.
   305 | D        | Found Cofoel Ivvo's Book Shoppe.
   321 | D        | Killed Menkaure
   322 | D        | Reached XP level 7. HP: 54/57 MP: 0/0
   322 | D        | Learned a level 2 spell: Momentum Strike
   328 | D        | Noticed a hell hog
   328 | D        | Noticed a hell hog
   372 | D        | Bought a cyan potion for 22 gold pieces
   372 | D        | Bought a glowing chain mail for 187 gold pieces
   428 | D        | Reached skill level 9 in Long Blades
   463 | D        | Noticed a boulder beetle
   463 | D        | Noticed a boulder beetle
   519 | D        | Noticed a death drake
   521 | D        | Noticed a yaktaur
   521 | D        | Noticed a hornet
   521 | D        | Noticed a polar bear
   521 | D        | Noticed a polar bear
   541 | D        | Killed a polar bear
   542 | D        | Reached skill level 10 in Long Blades
   542 | D        | Reached XP level 8. HP: 42/65 MP: 0/0
   554 | D        | Killed a polar bear
   555 | D        | Reached skill level 11 in Long Blades
   576 | D        | Killed a death drake
   577 | D        | Reached skill level 12 in Long Blades
   577 | D        | Reached XP level 9. HP: 22/74 MP: 0/0
   577 | D        | Learned a level 4 spell: Vhi's Electric Charge
   587 | D        | Killed a yaktaur
   588 | D        | Reached skill level 10 in Fighting
   588 | D        | Reached skill level 13 in Long Blades
   607 | D        | Killed a hornet
   608 | D        | Noticed a polar bear
   613 | D        | Slain by a polar bear

Illustrated notes

Levels and vault maps discovered:
D:        the_violet_keep_of_menkaure [sprint2_stairs_cluster_1,
          sprint2_shoproom, sprint2_temple, sprint2_basic_supplies,
          sprint2_obstacle_6, sprint2_obstacle_3, sprint2_obstacle_7,
          sprint2_obstacle_4, sprint2_obstacle_1, sprint2_timed_cluster_1,
          sprint2_smallroom_cluster_1, sprint2_smallroom_final_cluster_1,
          sprint2_transparent_cluster_1, sprint2_second_timed_cluster_1,
          sprint2_sniper_area_1, sprint2_heavy_combat_area_1,
          sprint2_mutation_trap_area_1, sprint2_forest_area_1,
          sprint2_light_combat_area_1, sprint2_behind_water_1,
          sprint2_near_end_vault_1]

Skill      XL: |  1  2  3  4  5  6  7  8  9 |
---------------+----------------------------+-----
Fighting       | 3 4 5 6 8 9 10 | 10.5
Long Blades    | 5 6 7 8 10 12 13 | 13.5
Armour         | 3 5 6 7 |  7.0
Dodging        | 4 5 6 7 8 |  8.5
Throwing       | |  1.5

Action                     |  1- 3 |  4- 6 |  7- 9 || total
---------------------------+-------+-------+-------++-------
  Melee: Long sword        |    10 |    35 |   123 ||   168
         Punch             |       |       |     1 ||     1
  Throw: Throwing net      |     2 |     1 |       ||     3
         Javelin           |       |     2 |       ||     2
    Use: Potion            |       |       |     4 ||     4
   Stab: Confused          |       |       |     2 ||     2
 Armour: Leather armour    |     2 |    15 |       ||    17
         Chain mail        |       |       |    89 ||    89
  Dodge: Dodged            |     7 |    25 |    46 ||    78

Table legend: (Time is in decaauts)
 A = Elapsed time spent in this place.
 B = Non-inter-level travel time spent in this place.
 C = Inter-level travel time spent in this place.
 D = Time resting spent in this place.
 E = Time spent auto-exploring this place.
 F = Levels seen in this place.
 G = Mean time per level.
                   A        B        C        D        E       F      G
               +--------+--------+--------+--------+--------+-----+--------+
         Total |    589 |    589 |      0 |    149 |      0 |   1 |  589.0 |
       Dungeon |    589 |    589 |      0 |    149 |      0 |   1 |  589.0 |
               +--------+--------+--------+--------+--------+-----+--------+

Top non-repeatable levels by time:
       D: 589 daAuts
